[ AOE2 MATCH · #507397586 ]
UnrankedJapanese vs Armenians
Player's team · WIN
Rival team · LOSS
[ REPLAY ANALYSIS · EXTRACTED FROM THE RECORDED GAME ]
Feudal
8:50
Castle
23:57
Imperial
46:22
| APM avg | 60.3 |
| APM peak | 112 |
| eAPM avg | 27.0 |
| Villagers / military | 161 / 155 |
Focus
⚔️ 39.6% · 🌾 60.4%
Archer ×122 · Samurai ×7 · Scout Cavalry ×6 · Battering Ram ×5 · Petard ×4 · Mangonel ×4
Feudal
12:14
Castle
24:15
Imperial
47:40
| APM avg | 62.2 |
| APM peak | 106 |
| eAPM avg | 24.6 |
| Villagers / military | 111 / 124 |
Focus
⚔️ 44.0% · 🌾 56.0%
Archer ×72 · Skirmisher ×22 · Petard ×7 · Trebuchet (Packed) ×7 · Mangonel ×6 · Spearman ×4
Match map
Initial resources + every placement click. Lines = walls · curves = elevation contours. ◆ gold · ⬟ stone · ● berries · ✦ relic · ◌ wall gap
Your base· Open — unwalled flank
NoSoyNobu's base· ✓ Closed at 24:15 · 46t walls · 4 gate(s)
Smoothed initial terrain · ◌ = detected wall gap · hover for details
Inputs per minute
— Buchi - - NoSoyNobu
Build order — Buchi
First 150 of 472 actions detected
| 0:00 | Queue | Villager (Male) |
| 0:00 | Queue | Villager (Male) |
| 0:01 | Queue | Villager (Male) |
| 0:01 | Build | House |
| 0:02 | Build | House |
| 0:04 | Queue | Villager (Male) |
| 1:24 | Queue | Villager (Male) |
| 1:58 | Queue | Villager (Male) |
| 2:10 | Build | Lumber Camp |
| 2:19 | Queue | Villager (Male) |
| 2:40 | Queue | Villager (Male) |
| 3:04 | Queue | Villager (Male) |
| 3:36 | Queue | Villager (Male) |
| 3:49 | Build | House |
| 3:53 | Queue | Villager (Male) |
| 3:59 | Queue | Villager (Male) |
| 4:43 | Queue | Villager (Male) |
| 5:07 | Build | Barracks |
| 5:12 | Build | House |
| 5:19 | Queue | Villager (Male) |
| 5:31 | Queue | Villager (Male) |
| 6:05 | Research | Loom |
| 6:39 | Research | Feudal Age |
| 6:52 | Queue | Militia |
| 6:59 | Build | Mining Camp |
| 7:08 | Queue | Militia |
| 7:29 | Queue | Militia |
| 8:06 | Queue | Villager (Male) |
| 8:13 | Build | House |
| 8:22 | Queue | Villager (Male) |
| 8:36 | Queue | Villager (Male) |
| 8:50 | Age | Feudal Age |
| 8:58 | Research | Man-at-Arms (upgrade) |
| 9:16 | Queue | Villager (Male) |
| 9:33 | Queue | Villager (Male) |
| 9:48 | Queue | Villager (Male) |
| 9:51 | Build | Archery Range |
| 9:54 | Build | House |
| 9:59 | Build | Mill |
| 10:04 | Queue | Villager (Male) |
| 10:43 | Queue | Villager (Male) |
| 11:03 | Build | House |
| 11:05 | Build | Palisade Wall |
| 11:07 | Build | House |
| 11:18 | Queue | Archer |
| 11:22 | Queue | Villager (Male) |
| 11:26 | Build | Farm |
| 11:37 | Build | Blacksmith |
| 11:39 | Build | Palisade Wall |
| 11:48 | Queue | Villager (Male) |
| 11:53 | Queue | Archer |
| 12:00 | Build | Farm |
| 12:15 | Queue | Villager (Male) |
| 12:20 | Build | Farm |
| 12:24 | Queue | Villager (Male) |
| 12:27 | Build | Farm |
| 12:38 | Build | House |
| 12:57 | Build | Farm |
| 13:04 | Queue | Villager (Male) |
| 13:21 | Queue | Archer |
| 13:22 | Queue | Archer |
| 13:29 | Build | Farm |
| 13:31 | Research | Fletching |
| 13:54 | Queue | Villager (Male) |
| 13:55 | Build | Farm |
| 14:00 | Queue | Archer |
| 14:21 | Queue | Villager (Male) |
| 14:34 | Research | Double-Bit Axe |
| 14:34 | Research | Double-Bit Axe |
| 14:51 | Queue | Villager (Male) |
| 14:58 | Queue | Villager (Male) |
| 15:14 | Build | Stable |
| 15:18 | Queue | Archer |
| 15:24 | Queue | Villager (Male) |
| 15:41 | Queue | Villager (Male) |
| 15:48 | Build | Farm |
| 15:52 | Build | House |
| 15:56 | Queue | Archer |
| 15:59 | Queue | Archer |
| 16:11 | Queue | Scout Cavalry |
| 16:12 | Queue | Scout Cavalry |
| 16:17 | Build | Farm |
| 16:24 | Build | Palisade Wall |
| 16:34 | Queue | Archer |
| 16:48 | Queue | Villager (Male) |
| 16:50 | Build | Farm |
| 16:55 | Build | Farm |
| 16:57 | Queue | Scout Cavalry |
| 17:07 | Queue | Villager (Male) |
| 17:14 | Queue | Villager (Male) |
| 17:31 | Queue | Villager (Male) |
| 17:36 | Queue | Archer |
| 17:37 | Queue | Scout Cavalry |
| 17:44 | Build | Farm |
| 17:52 | Queue | Scout Cavalry |
| 18:02 | Queue | Archer |
| 18:02 | Queue | Villager (Male) |
| 18:06 | Build | Farm |
| 18:13 | Research | Scale Barding Armor |
| 18:17 | Build | Farm |
| 18:22 | Queue | Scout Cavalry |
| 18:23 | Queue | Archer |
| 18:30 | Queue | Villager (Male) |
| 18:31 | Build | Farm |
| 18:45 | Build | Farm |
| 18:46 | Build | Watch Tower |
| 19:16 | Queue | Villager (Male) |
| 19:37 | Build | Market |
| 19:53 | Build | Farm |
| 19:53 | Queue | Villager (Male) |
| 20:08 | Build | Lumber Camp |
| 20:19 | Queue | Villager (Male) |
| 20:46 | Build | Palisade Wall |
| 21:17 | Research | Castle Age |
| 21:56 | Build | Archery Range |
| 21:57 | Queue | Archer |
| 21:57 | Queue | Archer |
| 22:11 | Queue | Archer |
| 22:12 | Research | Padded Archer Armor |
| 22:15 | Build | Farm |
| 22:21 | Build | House |
| 22:22 | Build | House |
| 22:31 | Research | Horse Collar |
| 22:31 | Research | Horse Collar |
| 22:50 | Queue | Archer |
| 22:53 | Queue | Archer |
| 22:53 | Queue | Archer |
| 22:53 | Queue | Archer |
| 23:19 | Build | Farm |
| 23:27 | Build | House |
| 23:36 | Queue | Archer |
| 23:57 | Age | Castle Age |
| 24:10 | Research | Crossbowman (upgrade) |
| 24:16 | Research | Bodkin Arrow |
| 24:16 | Queue | Villager (Male) |
| 24:26 | Build | House |
| 24:28 | Queue | Villager (Male) |
| 24:32 | Build | Mining Camp |
| 24:43 | Queue | Villager (Male) |
| 24:52 | Queue | Villager (Male) |
| 24:59 | Queue | Villager (Male) |
| 25:01 | Build | University |
| 25:07 | Queue | Archer |
| 25:07 | Queue | Archer |
| 25:07 | Queue | Archer |
| 25:08 | Build | House |
| 25:23 | Queue | Villager (Male) |
| 25:26 | Queue | Archer |
| 25:26 | Queue | Archer |
| 25:30 | Build | House |
Build order — NoSoyNobu
First 150 of 362 actions detected
| 0:01 | Queue | Villager (Male) ×4 |
| 0:02 | Build | House |
| 0:03 | Build | House |
| 1:27 | Queue | Villager (Male) |
| 1:44 | Build | Mule Cart |
| 2:00 | Queue | Villager (Male) |
| 2:01 | Queue | Villager (Male) |
| 2:18 | Queue | Villager (Male) |
| 2:41 | Queue | Villager (Male) |
| 3:07 | Queue | Villager (Male) |
| 3:32 | Queue | Villager (Male) |
| 3:50 | Build | House |
| 3:53 | Queue | Villager (Male) |
| 4:31 | Build | Barracks |
| 4:35 | Queue | Villager (Male) |
| 4:56 | Queue | Villager (Male) |
| 4:57 | Build | House |
| 5:07 | Queue | Villager (Male) |
| 5:29 | Queue | Militia |
| 5:35 | Queue | Militia |
| 5:36 | Queue | Spearman |
| 5:44 | Queue | Villager (Male) |
| 5:54 | Build | House |
| 5:58 | Build | Palisade Gate |
| 5:59 | Build | Palisade Wall |
| 6:00 | Build | Palisade Wall |
| 6:28 | Queue | Villager (Male) |
| 6:31 | Queue | Villager (Male) |
| 6:48 | Build | Mill |
| 6:53 | Queue | Villager (Male) |
| 6:56 | Queue | Villager (Male) |
| 7:05 | Queue | Villager (Male) |
| 7:14 | Build | Palisade Wall |
| 7:16 | Build | Palisade Wall |
| 7:18 | Build | Palisade Wall |
| 7:25 | Build | Palisade Wall |
| 7:33 | Build | Palisade Wall |
| 7:40 | Queue | Villager (Male) |
| 7:43 | Research | Loom |
| 7:45 | Queue | Villager (Male) |
| 8:37 | Queue | Villager (Male) |
| 8:45 | Queue | Villager (Male) |
| 9:09 | Queue | Villager (Male) |
| 9:22 | Queue | Villager (Male) |
| 9:26 | Build | Palisade Wall |
| 9:35 | Queue | Villager (Male) |
| 9:50 | Queue | Villager (Male) |
| 9:58 | Queue | Villager (Male) |
| 9:58 | Queue | Villager (Male) |
| 10:04 | Research | Feudal Age |
| 11:21 | Queue | Spearman |
| 11:47 | Build | Mule Cart |
| 12:14 | Age | Feudal Age |
| 12:17 | Queue | Villager (Male) |
| 12:17 | Queue | Villager (Male) |
| 12:24 | Build | Archery Range |
| 12:25 | Build | Blacksmith |
| 12:30 | Build | Mule Cart |
| 12:48 | Research | Double-Bit Axe |
| 12:49 | Queue | Villager (Male) |
| 13:04 | Build | Palisade Wall |
| 13:05 | Queue | Skirmisher |
| 13:23 | Build | House |
| 13:25 | Build | Palisade Wall |
| 13:32 | Queue | Villager (Male) |
| 13:44 | Build | House |
| 13:52 | Queue | Villager (Male) |
| 13:56 | Queue | Archer |
| 13:56 | Queue | Archer |
| 14:02 | Queue | Villager (Male) |
| 14:05 | Build | Farm |
| 14:05 | Build | Farm |
| 14:28 | Build | Palisade Wall |
| 14:32 | Queue | Villager (Male) |
| 14:40 | Build | Farm |
| 14:41 | Queue | Archer |
| 14:49 | Queue | Villager (Male) |
| 15:00 | Build | Palisade Wall |
| 15:07 | Queue | Villager (Male) |
| 15:25 | Research | Fletching |
| 15:43 | Queue | Skirmisher |
| 15:50 | Build | Farm |
| 15:54 | Build | Farm |
| 15:55 | Build | Farm |
| 15:56 | Build | Farm |
| 15:58 | Build | Farm |
| 15:58 | Queue | Villager (Male) |
| 16:08 | Queue | Archer |
| 16:17 | Build | Archery Range |
| 16:26 | Queue | Villager (Male) |
| 16:35 | Queue | Villager (Male) |
| 16:37 | Build | Farm |
| 16:48 | Queue | Archer |
| 16:49 | Queue | Villager (Male) |
| 16:51 | Build | Farm |
| 17:42 | Queue | Villager (Male) |
| 17:42 | Queue | Villager (Male) |
| 17:43 | Build | House |
| 17:44 | Build | Farm |
| 17:45 | Build | Farm |
| 17:45 | Build | Farm |
| 17:45 | Build | Farm |
| 17:45 | Build | Farm |
| 17:47 | Queue | Archer |
| 17:47 | Queue | Archer |
| 18:02 | Build | House |
| 18:25 | Build | Palisade Wall |
| 18:28 | Queue | Archer |
| 18:30 | Queue | Villager (Male) |
| 18:32 | Build | Farm |
| 18:45 | Build | House |
| 18:50 | Queue | Spearman |
| 19:27 | Queue | Villager (Male) |
| 19:27 | Queue | Villager (Male) |
| 19:27 | Queue | Villager (Male) |
| 19:54 | Build | Farm |
| 19:55 | Build | Farm |
| 19:56 | Queue | Archer |
| 20:13 | Queue | Villager (Male) |
| 20:16 | Queue | Archer |
| 20:22 | Build | Farm |
| 20:28 | Build | Market |
| 20:30 | Queue | Archer |
| 20:40 | Queue | Spearman |
| 20:45 | Build | House |
| 20:59 | Queue | Archer |
| 21:35 | Research | Castle Age |
| 22:08 | Queue | Archer |
| 22:22 | Research | Horse Collar |
| 22:22 | Research | Gold Mining |
| 22:29 | Queue | Archer |
| 22:51 | Build | Palisade Gate |
| 22:54 | Build | Palisade Wall |
| 22:55 | Build | Palisade Wall |
| 23:10 | Build | Palisade Gate |
| 23:10 | Queue | Archer |
| 23:11 | Queue | Archer |
| 23:14 | Build | Palisade Gate |
| 23:24 | Queue | Archer |
| 23:24 | Queue | Archer |
| 23:31 | Build | Farm |
| 23:42 | Queue | Archer |
| 23:47 | Research | Padded Archer Armor |
| 23:56 | Build | Palisade Wall |
| 23:59 | Build | Palisade Wall |
| 24:01 | Build | Palisade Wall |
| 24:11 | Queue | Archer |
| 24:15 | Age | Castle Age |
| 24:18 | Research | Crossbowman (upgrade) |
| 24:22 | Queue | Villager (Male) |
Match timeline
| 4:31 | NoSoyNobu · first_building Barracks |
| 5:07 | Buchi · first_building Barracks |
| 5:59 | NoSoyNobu · wall_segment Palisade Wall x1 |
| 6:00 | NoSoyNobu · wall_segment Palisade Wall x1 |
| 7:14 | NoSoyNobu · wall_segment Palisade Wall x5 |
| 7:16 | NoSoyNobu · wall_segment Palisade Wall x8 |
| 7:18 | NoSoyNobu · wall_segment Palisade Wall x1 |
| 7:25 | NoSoyNobu · wall_segment Palisade Wall x3 |
| 7:33 | NoSoyNobu · wall_segment Palisade Wall x9 |
| 8:50 | Buchi · age_up feudal |
| 9:26 | NoSoyNobu · wall_segment Palisade Wall x1 |
| 9:51 | Buchi · first_building Archery Range |
| 11:05 | Buchi · wall_segment Palisade Wall x1 |
| 11:39 | Buchi · wall_segment Palisade Wall x2 |
| 12:14 | NoSoyNobu · age_up feudal |
| 12:24 | NoSoyNobu · first_building Archery Range |
| 13:04 | NoSoyNobu · wall_segment Palisade Wall x10 |
| 13:25 | NoSoyNobu · wall_segment Palisade Wall x1 |
| 14:28 | NoSoyNobu · wall_segment Palisade Wall x1 |
| 15:00 | NoSoyNobu · wall_segment Palisade Wall x1 |
| 15:14 | Buchi · first_building Stable |
| 16:24 | Buchi · wall_segment Palisade Wall x1 |
| 18:25 | NoSoyNobu · wall_segment Palisade Wall x1 |
| 20:44 | Buchi · first_market_buy 100 food |
| 20:45 | Buchi · first_market_sell 100 wood |
| 20:46 | Buchi · wall_segment Palisade Wall x5 |
| 21:07 | NoSoyNobu · first_market_sell 100 stone |
| 21:08 | NoSoyNobu · first_market_buy 100 food |
| 22:54 | NoSoyNobu · wall_segment Palisade Wall x1 |
| 22:55 | NoSoyNobu · wall_segment Palisade Wall x1 |
| 23:56 | NoSoyNobu · wall_segment Palisade Wall x1 |
| 23:57 | Buchi · age_up castle |
| 23:59 | NoSoyNobu · wall_segment Palisade Wall x1 |
| 24:01 | NoSoyNobu · wall_segment Palisade Wall x1 |
| 24:15 | NoSoyNobu · age_up castle |
| 29:01 | NoSoyNobu · first_building Monastery |
| 30:06 | Buchi · first_building Siege Workshop |
| 30:48 | NoSoyNobu · first_building Siege Workshop |
| 35:51 | NoSoyNobu · first_building Castle |
| 36:58 | Buchi · first_building Castle |
| 44:14 | Buchi · first_building Monastery |
| 46:22 | Buchi · age_up imperial |
| 47:40 | NoSoyNobu · age_up imperial |
| 50:07 | NoSoyNobu · resign |
[ AI ANALYSIS · 1 CREDIT ]
What really happened in this match?
Wolo.gg analyzes every decision: build order, eco, micro, common mistakes by bracket. Personalized analysis on WhatsApp or Discord in 30 seconds.
Civ guide
Japanese
Perfil
Jugador #6054535